 Dungeon Crawl Stone Soup version 0.26-a0-1139-g7d2dc893a1 (webtiles) character file.

Game seed: 16394854162471854898

12543 Dracia the Grappler (level 11, -6/111 HPs)
             Began as a Troll Monk on Dec 21, 2020.
             Mangled by a minotaur
             ... wielding a +0 whip
              (29 damage)
             ... in a Gauntlet.
             The game lasted 00:19:07 (8500 turns).

Dracia the Grappler (Troll Monk)                    Turns: 8500, Time: 00:19:08

Health: -6/111     AC: 16    Str: 21    XL:     11   Next: 63%
Magic:  10/10      EV: 13    Int:  6    God:
Gold:   702        SH:  5    Dex: 17    Spells: 10/10 levels left

rFire    + . .     SeeInvis +     - Unarmed
rCold    x . .     Faith    .   (no shield)
rNeg     . . .     Spirit   .   H - +0 steam dragon scales
rPois    .         Reflect  +   J - +2 hat of the Shore {rC- rCorr Slay+6}
rElec    .         Harm     .   k - +1 cloak
rCorr    +         Rampage  .   (gloves unavailable)
Will     .....     NoTele   +   (boots unavailable)
Stlth    ++........             C - amulet of reflection
HPRegen  0.68/turn              F - ring of protection from fire
MPRegen  0.12/turn              v - ring of see invisible

@: mighty
A: large, unfitting armour, claws 3, yellow scales 1, agile 1, blurry vision 1,
regeneration 1, shaggy fur 1, tough skin 3
a: no special abilities


You were in a Gauntlet.
You visited 1 branch of the dungeon, and saw 11 of its levels.
You also visited: Gauntlet.

You collected 712 gold pieces.
You spent 10 gold pieces at shops.


Innate Abilities, Weirdness & Mutations

You are too large for most types of armour.
You have claws for hands.
Your natural rate of healing is unusually fast.
You are covered in fur. (AC +1)
You have extremely tough skin. (AC +3)
You are partially covered in yellow scales. (AC +2)
You are agile. (Dex +2)
Scrolls take you a little longer to read.


   Skills:
 + Level 7.9 Fighting
 + Level 5.1 Armour
 - Level 5.7 Dodging
 - Level 1.0 Stealth
 * Level 12.6 Unarmed Combat
 + Level 4.5 Evocations


You had 10 spell levels left.
You didn't know any spells.
Your spell library contained the following spells:

 Spells                   Type           Power        Failure   Level
 Beastly Appendage        Tmut           0%           45%         1
 Corona                   Hex            0%           45%         1
 Sting                    Tmut/Pois      0%           45%         1
 Ensorcelled Hibernation  Hex/Ice        0%           58%         2
 Poisonous Vapours        Pois/Air       0%           58%         2
 Slow                     Hex            0%           58%         2
 Wereblood                Tmut           0%           58%         2
 Confusing Touch          Hex            0%           83%         3
 Dazzling Flash           Conj/Hex       0%           83%         3
 Ignite Poison            Fire/Tmut/Pois 0%           83%         3
 Inner Flame              Hex/Fire       0%           83%         3
 Mephitic Cloud           Conj/Pois/Air  0%           83%         3
 Portal Projectile        Hex/Tloc       0%           83%         3
 Spider Form              Tmut/Pois      0%           83%         3
 Tukima's Dance           Hex            0%           83%         3
 Cause Fear               Hex            0%           99%         4
 Ice Form                 Ice/Tmut       0%           99%         4
 Leda's Liquefaction      Hex/Erth       0%           99%         4
 Olgreb's Toxic Radiance  Pois           0%           99%         4
 Blade Hands              Tmut           0%           100%        5

Inventory:

Missiles
 i - 19 poisoned darts (quivered)
 t - 12 large rocks {=f=f}
Armour
 a - a +0 robe
 k - a +1 cloak (worn)
 m - a +2 robe of willpower
 H - +0 steam dragon scales (worn)
 J - the +2 hat of the Shore (worn) {rC- rCorr Slay+6}
   (You found it in a Gauntlet)

   It affects your accuracy and damage with ranged weapons and melee attacks
   (+6).
   It makes you vulnerable to cold.
   It provides partial protection from all sources of acid and corrosion.
Magical Staves
 A - an uncursed staff of cold {!a!a}
 E - an uncursed staff of death {!a!a}
 G - an uncursed staff of death {!a!a}
Jewellery
 v - a ring of see invisible (right claw)
 C - an amulet of reflection (around neck)
 D - an uncursed amulet of inaccuracy
 F - a ring of protection from fire (left claw)
 O - a cursed +4 ring of protection
Wands
 n - a wand of acid (9)
 o - a wand of polymorph (8)
 u - a wand of digging (6)
 x - a wand of random effects (14)
Scrolls
 b - 7 scrolls of teleportation {@r4@r4}
 d - 4 scrolls of amnesia
 f - 3 scrolls of enchant weapon
 h - 2 scrolls of enchant armour
 j - 3 scrolls of noise
 q - 12 scrolls of identify {@r1@r1}
 w - a scroll of remove curse {@r2@r2}
 y - a scroll of torment
 B - a scroll of fog
Potions
 c - 2 potions of haste {@q3@q3}
 e - 2 potions of heal wounds {@q2@q2}
 g - 2 potions of brilliance
 l - a potion of flight
 p - 2 potions of degeneration
 s - 8 potions of curing {@q1@q1}
Miscellaneous
 z - a box of beasts

Dungeon Overview and Level Annotations

Branches:
Dungeon (11/15)            Temple (0/1) D:7            Lair (0/6) D:9
    Orc (0/2) D:11        Gauntlet (1/1)

Altars:
Fedhas
Okawaru
Qazlal
Ru
Trog
Uskayaw
Vehumet
Wu Jian
The Shining One

Shops:
D:5 !   D:10 }   D:11 [

Annotations:
D:5 2 runed translucent doors, bmj180's ghost, amateur DrCj Gauntlet 8 transporters

.x###..##
X#xX#..≈#########
#####..###.##...#
.......##..##.#.# **#
#####..#......#.# *.#
....#..#...##.#.#*##'##
.##.#.8#.©.##...#*..⌠.#
.##.#..#...##.#(##∩...#**
©.#§#.∩#.©....#(@H...⌠+,*
....#..#...##.#.##.⌠..#**
.####.8#.©.##...#*#+###
..###..#...##.#.# *,*
#####..#......#.# ***
.......##..##.#.#
#####..###.##...#
....#..≈#########
##..#..##


You could see a minotaur.


Message History

The minotaur zombie gores you.
* * * LOW HITPOINT WARNING * * *
Unknown command.
You feel much better. The minotaur zombie hits you!!
* * * LOW HITPOINT WARNING * * *
The minotaur zombie barely misses you.
Unknown command.
You mangle the minotaur zombie!!
You destroy the minotaur zombie!
You feel much better.
The minotaur throws a silver javelin.
The silver javelin pierces through you but does no damage.
The silver sears you!
* * * LOW HITPOINT WARNING * * *
You feel much better.
The minotaur throws a silver javelin.
The silver javelin pierces through you but does no damage.
The silver sears you!
* * * LOW HITPOINT WARNING * * *
The minotaur hits you with a +0 whip!
* * * LOW HITPOINT WARNING * * *
You block the minotaur's attack.
There is an open door, spattered with blood here.
You claw the minotaur!
The minotaur is moderately wounded.
The minotaur hits you with a +0 whip!!
* * * LOW HITPOINT WARNING * * *
The minotaur closely misses you.
You scratch the minotaur but do no damage.
The minotaur is moderately wounded.
The minotaur hits you with a +0 whip!!
You die...

Skill      XL: |  1  2  3  4  5  6  7  8  9 10 11 |
---------------+----------------------------------+-----
Unarmed Combat | 4 5 6 7 9 10 11 12 | 12.6
Fighting       | 3 4 5 6 7 |  7.9
Dodging        | 3 4 5 |  5.7
Armour         | 2 4 5 |  5.1
Evocations     | 1 3 4 |  4.5
Stealth        | |  1.0

Action                   |  1- 3 |  4- 6 |  7- 9 | 10-12 || total
-------------------------+-------+-------+-------+-------++-------
Melee: Unarmed           |    90 |   123 |   344 |   311 ||   868
       Punch             |     1 |     4 |    16 |    19 ||    40
Evoke: Wand              |       |       |       |     1 ||     1
  Use: Scroll            |       |     9 |     1 |    10 ||    20
       Potion            |       |     8 |     2 |     6 ||    16
 Stab: Sleeping          |     3 |     1 |     4 |     1 ||     9
Armor: Robe              |    28 |    52 |   115 |    32 ||   227
       Steam dragon scal |       |       |       |    34 ||    34
Dodge: Dodged            |    49 |    82 |   189 |   161 ||   481
Block: Other             |       |       |       |    35 ||    35
       Reflection        |       |       |       |     4 ||     4

Levels and vault maps discovered:
D:1:      dpeg_arrival_simpleton_c, layout_loops_ring
D:2:      layout_basic, serial_bayou_pond_a, kennysheep_generic_room_10,
          uniq_terence, uniq_jessica
D:3:      layout_basic, chequers_jeans
D:4:      kb_forest_paths, layout_basic, minitemple
D:5:      layout_loops_ring, serial_shops, nicolae_shop_behind_doors,
          ebering_ghost_sewer_f, kennysheep_generic_room_12, uniq_ijyb,
          uniq_crazy_yiuf_cottage, uniq_sigmund, uniq_edmund, uniq_eustachio
D:6:      layout_loops_ring
D:7:      layout_basic, lemuel_doored_altar, minmay_temple_entry_junction_2,
          grunt_qazlal_sundering
D:8:      layout_basic, uniq_joseph, uniq_erica
D:9:      layout_basic, lair_entry_dummy, st_stairs_13, minivault_26
D:10:     layout_loops_ring, serial_shops, shop, uniq_maggie
D:11:     layout_long_grid, orc_david_3, gauntlet_entry_generic
Gauntlet: gammafunk_gauntlet_mixed_choke_point
          [minmay_gauntlet_arena_77_two_lines,
          minmay_gauntlet_arena_77_checkered,
          minmay_gauntlet_arena_77_radiant_squares,
          gammafunk_gauntlet_arena_grid, minmay_gauntlet_arena_77_box,
          minmay_gauntlet_arena_77_p_blocks,
          minmay_gauntlet_arena_77_tiled_triplets, gauntlet_exit_hidden_loot]

Notes
Turn   | Place    | Note
-------+----------+-------------------------------------------
     0 | D:1      | Dracia the Troll Monk began the quest for the Orb.
     0 | D:1      | Reached XP level 1. HP: 22/22 MP: 0/0
    45 | D:1      | Reached XP level 2. HP: 29/29 MP: 1/1
   675 | D:2      | Noticed Terence
   699 | D:2      | Killed Terence
   700 | D:2      | Reached XP level 3. HP: 23/36 MP: 2/2
   760 | D:2      | Reached skill level 4 in Unarmed Combat
   829 | D:2      | Reached skill level 3 in Fighting
   829 | D:2      | Reached skill level 3 in Dodging
   829 | D:2      | Reached XP level 4. HP: 43/45 MP: 3/3
   884 | D:2      | Noticed Jessica
   889 | D:2      | Killed Jessica
   890 | D:2      | Reached XP level 5. HP: 53/53 MP: 4/4
  1308 | D:3      | Reached skill level 5 in Unarmed Combat
  1810 | D:3      | Identified a potion of resistance
  1811 | D:3      | Gained mutation: You are agile. (Dex +2) [potion of
                  | mutation]
  1811 | D:3      | Gained mutation: Scrolls take you a little longer to read.
                  | [potion of mutation]
  1811 | D:3      | Gained mutation: You are partially covered in yellow
                  | scales. (AC +2) [potion of mutation]
  1884 | D:4      | Found a glowing golden altar of the Shining One.
  1896 | D:4      | Reached XP level 6. HP: 58/61 MP: 5/5
  1897 | D:4      | Found an ornate altar of the Wu Jian Council.
  1904 | D:4      | Found a sacrificial altar of Ru.
  1905 | D:4      | Found a blossoming altar of Fedhas.
  1906 | D:4      | Found a radiant altar of Vehumet.
  1907 | D:4      | Found a hide-covered altar of Uskayaw.
  1908 | D:4      | Found a bloodstained altar of Trog.
  1909 | D:4      | Found an iron altar of Okawaru.
  2225 | D:4      | Reached skill level 6 in Unarmed Combat
  2320 | D:4      | Reached XP level 7. HP: 57/68 MP: 6/6
  2377 | D:4      | Reached skill level 4 in Fighting
  2377 | D:4      | Reached skill level 4 in Dodging
  3049 | D:5      | Entered Level 5 of the Dungeon
  3185 | D:5      | Found a runed translucent door.
  3205 | D:5      | Reached skill level 7 in Unarmed Combat
  3222 | D:5      | Noticed bmj180's ghost (amateur DrCj)
  3242 | D:5      | Reached XP level 8. HP: 79/79 MP: 7/7
  3276 | D:5      | Noticed Ijyb
  3279 | D:5      | Killed Ijyb
  3455 | D:5      | Noticed Eustachio
  3488 | D:5      | Killed Eustachio
  3567 | D:5      | Found Neodonk's Distillery.
  3570 | D:5      | Bought a potion of degeneration for 10 gold pieces
  3604 | D:5      | Reached skill level 5 in Dodging
  3604 | D:5      | Reached skill level 8 in Unarmed Combat
  3649 | D:5      | Noticed Sigmund
  3655 | D:5      | Reached skill level 5 in Fighting
  3657 | D:5      | Killed Sigmund
  3728 | D:5      | Found a runed translucent door.
  3745 | D:5      | Found a runed translucent door.
  3746 | D:5      | Noticed Crazy Yiuf
  3820 | D:5      | Noticed Edmund
  3826 | D:5      | Killed Edmund
  3929 | D:5      | Killed Crazy Yiuf
  4235 | D:6      | Reached skill level 9 in Unarmed Combat
  4235 | D:6      | Reached XP level 9. HP: 87/88 MP: 8/8
  4798 | D:7      | Found a staircase to the Ecumenical Temple.
  5014 | D:7      | Found a stormy altar of Qazlal.
  5067 | D:7      | Reached skill level 1 in Armour
  5174 | D:7      | You fall into a shaft and drop 1 floor!
  5174 | D:8      | Noticed Joseph
  5195 | D:8      | Killed Joseph
  5196 | D:8      | Reached skill level 6 in Fighting
  5199 | D:8      | Reached skill level 10 in Unarmed Combat
  5285 | D:8      | Reached skill level 1 in Evocations
  5502 | D:8      | Reached skill level 2 in Armour
  5666 | D:8      | Noticed Erica
  5676 | D:8      | Killed Erica
  5677 | D:8      | Reached XP level 10. HP: 69/100 MP: 9/9
  5906 | D:9      | Found a staircase to the Lair.
  5928 | D:9      | Reached skill level 2 in Evocations
  5946 | D:9      | Reached skill level 3 in Armour
  6123 | D:9      | Reached skill level 11 in Unarmed Combat
  6193 | D:9      | Noticed a two-headed ogre
  6203 | D:9      | Killed a two-headed ogre
  6204 | D:9      | Reached skill level 7 in Fighting
  6204 | D:9      | Reached skill level 3 in Evocations
  6744 | D:10     | Entered Level 10 of the Dungeon
  6775 | D:10     | Paralysed by a hornet for 3 turns
  6897 | D:10     | Noticed a two-headed ogre
  6906 | D:10     | Killed a two-headed ogre
  6907 | D:10     | Reached skill level 4 in Armour
  6981 | D:10     | Found Kiyr's Gadget Shop.
  7125 | D:10     | Reached XP level 11. HP: 95/109 MP: 10/10
  7266 | D:10     | Noticed a two-headed ogre
  7275 | D:10     | Killed a two-headed ogre
  7276 | D:10     | Reached skill level 12 in Unarmed Combat
  7521 | D:10     | Noticed Maggie
  7530 | D:10     | Killed Maggie
  7616 | D:11     | Noticed a purple ugly thing
  7644 | D:11     | Killed a purple ugly thing
  7645 | D:11     | Reached skill level 4 in Evocations
  7739 | D:11     | Found Zidas's Armour Emporium.
  7740 | D:11     | Found a staircase to the Orcish Mines.
  7824 | D:11     | Found a gate leading to a gauntlet.
  7837 | Gauntlet | Entered a Gauntlet
  7837 | Gauntlet | Found a transporter.
  7837 | Gauntlet | Found a transporter.
  7843 | Gauntlet | Found a transporter.
  7864 | Gauntlet | Found a transporter.
  7872 | Gauntlet | Found a transporter.
  7872 | Gauntlet | Found a transporter.
  7872 | Gauntlet | Found a transporter.
  7874 | Gauntlet | Found a transporter.
  7874 | Gauntlet | Found a transporter.
  7888 | Gauntlet | Found the ring of the Octopus King
  7888 | Gauntlet | Found a transporter.
  7901 | Gauntlet | Noticed an orange crystal statue
  7904 | Gauntlet | Found a transporter.
  7911 | Gauntlet | Noticed a sixfirhy
  7912 | Gauntlet | Noticed a sixfirhy
  7914 | Gauntlet | Found a transporter.
  7919 | Gauntlet | Found a transporter.
  8111 | Gauntlet | Found a transporter.
  8365 | Gauntlet | Reached skill level 5 in Armour
  8445 | Gauntlet | Noticed a fire crab
  8449 | Gauntlet | Killed an orange crystal statue
  8457 | Gauntlet | Got a twisted hat
  8460 | Gauntlet | Identified the +2 hat of the Shore {rC- rCorr Slay+6} (You
                  | found it in a Gauntlet)
  8479 | Gauntlet | Identified the ring "Xamoorgh" {AC+4 Stlth+}
  8479 | Gauntlet | Noticed a minotaur
  8494 | Gauntlet | HP: 10/111 [minotaur zombie (22)]
  8500 | Gauntlet | Mangled by a minotaur

Vanquished Creatures
  Erica (D:8)
  3 two-headed ogres
  An orange crystal statue (Gauntlet)
  A cyclops (D:11)
  An ugly thing (D:11)
  A moth of wrath (Gauntlet)
  Joseph (D:8)
  A minotaur zombie (Gauntlet)
  Maggie (D:10)
  An efreet (Gauntlet)
  A troll (D:10)
  A hornet (D:10)
  Sigmund (D:5)
  A wyvern (D:10)
  A shadow (D:11)
  Eustachio (D:5)
  2 fire elementals (Gauntlet)
  6 yaks (D:9)
  A steam dragon (D:10)
  Edmund (D:5)
  A hell hound (Gauntlet)
  4 orc warriors
  A black bear (D:9)
  2 phantoms
  An eye of draining (D:10)
  2 ice beasts (D:5)
  4 wolves (Gauntlet)
  4 ogres
  2 centaurs
  A big kobold (D:10)
  3 bullfrogs
  A gnoll sergeant (D:10)
  3 scorpions (D:9)
  7 killer bees (D:9)
  4 wights (D:9)
  5 howler monkeys
  3 bullfrog zombies
  A centaur zombie (D:7)
  2 jellies
  A quasit (D:5)
  Crazy Yiuf (D:5)
  9 orc priests
  3 bullfrog skeletons
  4 hounds
  19 orc wizards
  A centaur skeleton (D:5)
  Jessica (D:2)
  Ijyb (D:5)
  Terence (D:2)
  9 worker ants
  A howler monkey zombie (D:7)
  2 worker ant zombies
  6 gnolls
  8 adders
  2 shadow imps (D:5)
  2 white imps
  2 ufetubi
  2 adder skeletons
  3 worms
  A dart slug (D:1)
  5 leopard geckos
  54 orcs
  12 bats
  4 giant cockroaches
  10 goblins
  4 hobgoblins
  15 jackals
  A quokka (D:8)
  3 frilled lizards
  13 kobolds
  7 rats
286 creatures vanquished.

Table legend: (Time is in decaauts)
 A = Elapsed time spent in this place.
 B = Non-inter-level travel time spent in this place.
 C = Inter-level travel time spent in this place.
 D = Time resting spent in this place.
 E = Time spent auto-exploring this place.
 F = Levels seen in this place.
 G = Mean time per level.
                   A        B        C        D        E       F      G
               +--------+--------+--------+--------+--------+-----+--------+
         Total |   8337 |   8065 |    272 |    509 |   5398 |  12 |  694.8 |
       Dungeon |   7703 |   7431 |    272 |    441 |   5299 |  11 |  700.3 |
      Gauntlet |    633 |    633 |      0 |     68 |     99 |   1 |  633.0 |
               +--------+--------+--------+--------+--------+-----+--------+

Top non-repeatable levels by time:
     D:4: 1195 daAuts
     D:5: 1119 daAuts
    D:10: 855 daAuts
     D:9: 834 daAuts
     D:8: 710 daAuts
     D:1: 647 daAuts
Gauntlet: 633 daAuts
     D:3: 594 daAuts
     D:6: 582 daAuts
     D:2: 569 daAuts
     D:7: 383 daAuts
    D:11: 209 daAuts

Table legend:
 A = Non-vault XP
 B = Vault XP
 C = Vault XP percentage of total XP
 D = Non-vault monster count
 E = Vault monster count
 F = Vault count percentage of total count
                 A         B        C        D         E       F
            +---------+---------+-------+---------+---------+-------
      Total |   12279 |    5640 |  31.5 |     257 |      29 |  10.1
            +---------+---------+-------+---------+---------+-------
        D:1 |      39 |       0 |   0.0 |      22 |       0 |   0.0
        D:2 |     107 |      76 |  41.5 |      18 |       4 |  18.2
        D:3 |     137 |       0 |   0.0 |      23 |       0 |   0.0
        D:4 |     649 |       7 |   1.1 |      30 |       2 |   6.2
        D:5 |     918 |     677 |  42.4 |      31 |       5 |  13.9
        D:6 |     673 |       0 |   0.0 |      20 |       0 |   0.0
        D:7 |     621 |       0 |   0.0 |      20 |       0 |   0.0
        D:8 |     517 |    1362 |  72.5 |      15 |       2 |  11.8
        D:9 |    3445 |       0 |   0.0 |      30 |       0 |   0.0
       D:10 |    3615 |     370 |   9.3 |      38 |       1 |   2.6
       D:11 |    1558 |     273 |  14.9 |      10 |       4 |  28.6
   Gauntlet |       0 |    2875 | 100.0 |       0 |      11 | 100.0
            +---------+---------+-------+---------+---------+-------
